 Dungeon Crawl Stone Soup version 0.31-a0-354-g827e0957a7 (webtiles) character file.

Game seed: 16151569322518111794

37 cforsyth the Charlatan (level 3, -2/28 HPs)
             Began as a Gnoll Artificer on July 24, 2023.
             Slain by a worm (4 damage)
             ... on level 2 of the Dungeon.
             The game lasted 00:01:39 (1267 turns).

cforsyth the Charlatan (Gnoll Artificer)            Turns: 1267, Time: 00:01:40

Health: -2/28      AC:  3    Str: 11    XL:     3   Next: 39%
Magic:  4/4        EV: 12    Int: 12    God:
Gold:   42         SH:  0    Dex: 12    Spells: 3/3 levels left

rFire   . . .        a - +0 club
rCold   . . .        (no shield)
rNeg    . . .        b - +0 leather armour
rPois   .            (no helmet)
rElec   .            (no cloak)
rCorr   +            (no gloves)
SInv    .            (no boots)
Will    .....        (no amulet)
Stlth   ++           f - ring of resist corrosion
HPRegen 0.24/turn    (no ring)
MPRegen 0.09/turn

%: no passive effects
@: no status effects
A: fangs 1, strong nose, distributed training
a: no special abilities


You were on level 2 of the Dungeon.
You visited 1 branch of the dungeon, and saw 2 of its levels.

You collected 42 gold pieces.

Inventory:

Hand Weapons
 a - a +0 club (weapon)
Armour
 b - a +0 leather armour (worn)
Jewellery
 f - a ring of resist corrosion (left hand)
Wands
 c - a wand of flame (15) (quivered)
 d - a wand of charming (15)
 e - a wand of iceblast (5)
Scrolls
 h - a scroll of torment {unknown}
Potions
 g - a potion of ambrosia {unknown}


   Skills:
 + Level 2.6 Fighting
 + Level 0.8 Short Blades
 + Level 0.8 Long Blades
 + Level 0.8 Axes
 + Level 0.8 Maces & Flails
 + Level 0.8 Polearms
 + Level 0.8 Staves
 + Level 0.8 Ranged Weapons
 + Level 0.8 Throwing
 + Level 4.5 Armour
 + Level 2.6 Dodging
 + Level 2.4 Stealth
 + Level 0.8 Shields
 + Level 0.8 Unarmed Combat
 + Level 0.8 Spellcasting
 + Level 0.5 Conjurations
 + Level 0.5 Hexes
 + Level 0.5 Summonings
 + Level 0.5 Necromancy
 + Level 0.5 Translocations
 + Level 0.5 Transmutations
 + Level 0.5 Fire Magic
 + Level 0.5 Ice Magic
 + Level 0.5 Air Magic
 + Level 0.5 Earth Magic
 + Level 0.5 Poison Magic
 + Level 1.0 Invocations
 + Level 6.5 Evocations
 + Level 0.5 Shapeshifting


You had 3 spell levels left.
You didn't know any spells.
Your spell library was empty.

Dungeon Overview and Level Annotations

Branches:
Dungeon (2/15)

Altars:


Innate Abilities, Weirdness & Mutations

You have very sharp teeth.
Your uncanny sense of smell can sniff out nearby items.
Your experience applies equally to all skills.


Message History

You can't go up here!
You climb downwards.
The worm bites you!
There is a stone staircase leading up, spattered with blood here.
You completely miss the worm. You bite the worm.
The worm is lightly wounded.
You hit the worm.
The worm is lightly wounded.
The worm bites you.
You hit the worm. You bite the worm.
The worm is moderately wounded.
The worm bites you.
You barely miss the worm. You bite the worm.
The worm is moderately wounded.
You hit the worm. You bite the worm, but do no damage.
The worm is severely wounded.
The worm completely misses you.
You barely miss the worm. Your bite misses the worm.
The worm is heavily wounded.
The worm misses you.
You hit the worm.
The worm is severely wounded.
The worm bites you!
You are too injured to fight recklessly!
You are too injured to fight recklessly!
You are too injured to fight recklessly!
You are too injured to fight recklessly!
You are too injured to fight recklessly!
You are too injured to fight recklessly!
You are too injured to fight recklessly!
You are too injured to fight recklessly!
You hit the worm.
The worm is severely wounded.
You barely miss the worm.
The worm is severely wounded.
The worm bites you!
* * * LOW HITPOINT WARNING * * *
You hit the worm. Your bite misses the worm.
The worm is severely wounded.
The worm bites you.
You die...

#..............
#...............
#.#............
.............#
.............#
...#[.......##
.............#
........@w...#
.............##
...............#
###.<...........
##............
##...$...##..
######### .


You could see a worm.

Vanquished Creatures
  A dart slug (D:1)
  4 bats (D:1)
  2 endoplasms (D:1)
  A giant cockroach (D:1)
  2 goblins (D:1)
  7 hobgoblins (D:1)
  4 ball pythons (D:1)
  3 frilled lizards (D:1)
  7 kobolds (D:1)
  A rat (D:1)
32 creatures vanquished.

Notes
Turn   | Place    | Note
-------+----------+-------------------------------------------
     0 | D:1      | cforsyth the Gnoll Artificer began the quest for the Orb.
     0 | D:1      | Reached XP level 1. HP: 17/17 MP: 1/1
   267 | D:1      | Reached XP level 2. HP: 13/23 MP: 2/2
   525 | D:1      | Reached XP level 3. HP: 28/28 MP: 3/3
   904 | D:1      | Reached skill level 1 in Invocations
  1266 | D:2      | HP: 1/28 [worm (10)]
  1267 | D:2      | Slain by a worm

Illustrated notes

Levels and vault maps discovered:
D:1:      lemuel_arrival_muddy, layout_basic,
          hangedman_abyss_or_decor_lesser_grid
D:2:      layout_rooms

Skill      XL: |  1  2  3 |
---------------+----------+-----
Invocations    | 1 |  1.0
Fighting       | |  2.6
Short Blades   | |  0.8
Long Blades    | |  0.8
Axes           | |  0.8
Maces & Flails | |  0.8
Polearms       | |  0.8
Staves         | |  0.8
Ranged Weapons | |  0.8
Throwing       | |  0.8
Armour         | |  4.5
Dodging        | |  2.6
Stealth        | |  2.4
Shields        | |  0.8
Unarmed Combat | |  0.8
Spellcasting   | |  0.8
Conjurations   | |  0.5
Hexes          | |  0.5
Summonings     | |  0.5
Necromancy     | |  0.5
Translocations | |  0.5
Transmutations | |  0.5
Fire Magic     | |  0.5
Ice Magic      | |  0.5
Air Magic      | |  0.5
Earth Magic    | |  0.5
Poison Magic   | |  0.5
Evocations     | |  6.5
Shapeshifting  | |  0.5

Action                     || total
---------------------------++-------
  Melee: Club              ||   143
         Bite              ||    21
         Punch             ||     2
   Stab: Sleeping          ||     2
 Armour: Leather armour    ||    63
  Dodge: Dodged            ||   101

Table legend: (Time is in decaauts)
 A = Elapsed time spent in this place.
 B = Non-inter-level travel time spent in this place.
 C = Inter-level travel time spent in this place.
 D = Time resting spent in this place.
 E = Time spent auto-exploring this place.
 F = Levels seen in this place.
 G = Mean time per level.
                   A        B        C        D        E       F      G
               +--------+--------+--------+--------+--------+-----+--------+
         Total |   1309 |   1291 |     18 |    359 |    633 |   2 |  654.5 |
       Dungeon |   1309 |   1291 |     18 |    359 |    633 |   2 |  654.5 |
               +--------+--------+--------+--------+--------+-----+--------+

Top non-repeatable levels by time:
     D:1: 1286 daAuts
     D:2: 23 daAuts
